 Dungeon Crawl Stone Soup version 0.26-a0-651-gb41185065b (webtiles) character file.

Game seed: 17545117496996364431

24509 Irenicus the Earth Mage (level 12, -2/63 HPs)
             Began as a Deep Dwarf Earth Elementalist on Oct 24, 2020.
             Was a High Priest of Makhleb.
             Killed from afar by a wretched star (17 damage)
             ... with a lance of force
             ... on level 1 of the Abyss.
             The game lasted 00:43:48 (4971 turns).

Irenicus the Earth Mage (DDEE)                      Turns: 4971, Time: 00:43:48

Health: -2/63      AC:  9    Str:  8      XL:     12   Next: 81%
Magic:  20/35 (26) EV: 15    Int: 17      God:    Makhleb [*****.]
Gold:   356        SH:  7    Dex: 14 (15) Spells: 18/31 levels left

rFire    . . .     SeeInvis .   a - +3 dagger (freeze)
rCold    . . .     Faith    .   x - +2 buckler
rNeg     . . .     Spirit   .   G - +0 acid dragon scales
rPois    .         Reflect  .   D - +0 hat {MR+}
rElec    .         Harm     .   (no cloak)
rCorr    +         Rampage  .   B - +0 pair of gloves (curse)
MR       ++...                  t - +0 pair of boots
Stlth    ++........             j - amulet of magic regeneration
HPRegen  0.00/turn              u - +6 ring of dexterity
MPRegen  0.49/turn              q - ring of magical power {MP+9}

@: non-regenerating, lightly drained
A: damage resistance, heal wounds, [clumsy 2], [deterioration 2], [dopey 2],
[frail 3], sense surroundings 2, [screaming 3], [weak 2], [no potion heal 2], no
regeneration
a: Heal Wounds, Minor Destruction, Lesser Servant of Makhleb, Major Destruction,
Greater Servant of Makhleb, Renounce Religion


You were on level 1 of the Abyss.
You worshipped Makhleb.
Makhleb was extremely pleased with you.
You visited 3 branches of the dungeon, and saw 14 of its levels.
You visited the Abyss 1 time.
You also visited: Sewer.

You collected 594 gold pieces.
You spent 238 gold pieces at shops.

Inventory:

Hand Weapons
 a - a +3 dagger of freezing (weapon)
   (You took it off an orc wizard on level 7 of the Dungeon)
Missiles
 b - 210 stones (quivered)
 k - 5 curare-tipped darts
Armour
 t - a +0 pair of boots (worn)
   (You found it on level 4 of the Dungeon)
 x - a +2 buckler (worn)
   (You found it on level 4 of the Dungeon)
 z - a +2 kite shield
   (You found it on level 8 of the Dungeon)
 B - a cursed +0 pair of gloves (worn)
   (You found it on level 6 of the Dungeon)
 D - a +0 hat of magic resistance (worn)
   (You bought it in a shop on level 8 of the Dungeon)
 G - +0 acid dragon scales (worn)
   (You found it on level 11 of the Dungeon)
Magical Staves
 n - an uncursed staff of fire {rF+}
   (You found it on level 9 of the Dungeon)
Jewellery
 f - an uncursed ring of protection from magic {MR+, !d}
   (You found it on level 1 of the Dungeon)
 j - an amulet of magic regeneration (around neck)
   (You found it on level 2 of the Dungeon)
 q - a ring of magical power (right hand) {MP+9}
   (You found it on level 2 of the Dungeon)
 u - a +6 ring of dexterity (left hand)
   (You found it on level 4 of the Dungeon)
 F - an uncursed ring of see invisible {sInv, !d}
   (You found it on level 10 of the Dungeon)
Wands
 d - a wand of polymorph (5)
   (You found it on level 1 of the Abyss)
 C - a wand of digging (9)
   (You found it on level 6 of the Dungeon)
 E - a wand of acid (3)
   (You found it on level 10 of the Dungeon)
Scrolls
 c - 7 scrolls of remove curse {unknown}
 m - 3 scrolls of fear {unknown}
 o - 2 scrolls of enchant armour {unknown}
 p - 4 scrolls of magic mapping {!r}
 y - a scroll of vulnerability {!r!r}
 A - 2 scrolls of fog
 H - a scroll of blinking {!r}
Potions
 e - a potion of heal wounds
 g - 9 potions of curing
 i - 3 potions of magic
 l - a potion of might
 r - 3 potions of haste
 s - 3 potions of brilliance
 v - a potion of invisibility
 w - 4 potions of flight


   Skills:
 - Level 1.0 Fighting
 - Level 4.0 Armour
 - Level 7.1(7.0) Dodging
 - Level 2.4 Stealth
 - Level 5.0(4.9) Shields
 - Level 10.1 Spellcasting
 - Level 1.1 Conjurations
 - Level 0.8 Transmutations
 - Level 18.5 Earth Magic
 + Level 7.9 Evocations


You had 18 spell levels left.
You knew the following spells:

 Your Spells              Type           Power        Failure   Level
a - Sandblast             Erth           ######       0%          1
b - Blink                 Tloc           N/A          22%         2
w - Passwall              Tmut/Erth      #####...     1%          2
x - Stone Arrow           Conj/Erth      #####.       1%          3
z - Lee's Rapid Deconstr  Erth           ######....   1%          5

Your spell library contained the following spells:

 Spells                   Type           Power        Failure   Level
 Petrify                  Tmut/Erth      #####...     2%          4
 Magic Dart               Conj           ##..         9%          1
 Foxfire                  Conj/Fire      ##..         11%         1
 Call Imp                 Summ           #.......     22%         2
 Slow                     Hex            #.......     22%         2
 Swiftness                Air            #.......     22%         2
 Conjure Flame            Conj/Fire      ##......     32%         3
 Mephitic Cloud           Conj/Pois/Air  #.......     36%         3
 Confusing Touch          Hex            #.......     38%         3
 Gell's Gravitas          Tloc           #.........   38%         3
 Inner Flame              Hex/Fire       #.......     38%         3
 Sticky Flame             Conj/Fire      ##......     73%         4
 Passage of Golubria      Tloc           N/A          80%         4
 Fireball                 Conj/Fire      ##........   97%         5
 Yara's Violent Unravell  Hex/Tmut       ##........   97%         5
 Metabolic Englaciation   Hex/Ice        #.........   98%         5
 Invisibility             Hex            #.......     100%        6


Dungeon Overview and Level Annotations

Branches:
Dungeon (12/15)            Temple (1/1) D:4            Lair (0/6) D:11
    Orc (1/2) D:11          Sewer (visited)

Altars:
Ashenzari
Cheibriados
Dithmenos
Elyvilon
Fedhas
Hepliaklqana
Kikubaaqudgha
Makhleb
Okawaru
Qazlal
Sif Muna
Trog
Uskayaw
Vehumet
Wu Jian
Yredelemnul
The Shining One

Shops:
D:8 [   D:10 =   D:12 =

Annotations:
D:4 2 runed translucent doors, Ibis19's ghost, novice HOBe
D:7 3 runed translucent doors, EnegeticOcto's ghost, amateur DDDe; zak163's ghost, novice HaBe


Innate Abilities, Weirdness & Mutations

You are resistant to damage.
You can heal yourself by infusing magical energy.
You passively map the area around you.
You do not regenerate.
[You are very clumsy. (Dex -4)]
[Your body often deteriorates upon taking damage.]
[You are very dopey. (Int -4)]
[You are extremely frail. (-30% HP)]
[You frequently scream uncontrollably at your foes.]
[You are very weak. (Str -4)]
[Potions are poor at restoring your health.]


Message History

Press: ? - help, Shift-Dir - straight line, f - wretched star
Aim: a wretched star The blast of sand hits the wretched star!!
The wretched star is moderately damaged.
b - 214 stones The wretched star glows turbulently.
The lance of force hits you.
You are knocked back by the lance of force.
You slam into the rock wall!
You take 18 damage, and have 45/63 hp.
MASSIVE DAMAGE!!
Casting: Sandblast (safe; 0% risk of failure)
Confirm with . or Enter, or press ? or * to list all spells.
You can't see any susceptible monsters within range! (Use Z to cast anyway.) Unknown command.
Press: ? - help, v - describe, . - travel
Here: a wretched star (moderately damaged)
The floor.
Casting: Sandblast (safe; 0% risk of failure)
Confirm with . or Enter, or press ? or * to list all spells.
Aiming: Sandblast (safe; 0% risk of failure)
Press: ? - help, Shift-Dir - straight line, f/p - wretched star
Aim: a wretched star (moderately damaged)
The blast of sand hits the wretched star!
The wretched star is heavily damaged.
b - 213 stones You now have 9/35 mp.
Casting: Sandblast (safe; 0% risk of failure)
Confirm with . or Enter, or press ? or * to list all spells.
Aiming: Sandblast (safe; 0% risk of failure)
Press: ? - help, Shift-Dir - straight line, f/p - wretched star
Aim: a wretched star (heavily damaged)
The blast of sand hits the wretched star.
The wretched star is heavily damaged.
b - 212 stones
Casting: Sandblast (safe; 0% risk of failure)
Confirm with . or Enter, or press ? or * to list all spells.
Aiming: Stone Arrow (safe; 1% risk of failure)
Press: ? - help, Shift-Dir - straight line, f/p - wretched star
Aim: a wretched star (heavily damaged)
The stone arrow misses the wretched star.
You now have 6/35 mp.
Casting: Stone Arrow (safe; 1% risk of failure)
Confirm with . or Enter, or press ? or * to list all spells.
Aiming: Sandblast (safe; 0% risk of failure)
Press: ? - help, Shift-Dir - straight line, f/p - wretched star
Aim: a wretched star (heavily damaged)
The blast of sand hits the wretched star but does no damage.
The wretched star is heavily damaged.
b - 211 stones The wretched star pulses with an eldritch light!
You feel the urge to shout.
You feel a strong urge to yell.
Casting: Sandblast (safe; 0% risk of failure)
Confirm with . or Enter, or press ? or * to list all spells.
Aiming: Sandblast (safe; 0% risk of failure)
Press: ? - help, Shift-Dir - straight line, f/p - wretched star
Aim: a wretched star (heavily damaged)
The blast of sand hits the wretched star.
The wretched star is heavily damaged.
b - 210 stones The wretched star pulses with an eldritch light!
You feel a strong urge to scream.
You feel weaker. x2
You now have 5/35 mp.
Casting: Sandblast (safe; 0% risk of failure)
Confirm with . or Enter, or press ? or * to list all spells.
Aiming: Stone Arrow (safe; 1% risk of failure)
Press: ? - help, Shift-Dir - straight line, f/p - wretched star
Aim: a wretched star (heavily damaged)
The stone arrow hits the wretched star but does no damage.
The wretched star is heavily damaged.
You now have 3/35 mp.
Casting: Stone Arrow (safe; 1% risk of failure)
Confirm with . or Enter, or press ? or * to list all spells.
Aiming: Stone Arrow (safe; 1% risk of failure)
Press: ? - help, Shift-Dir - straight line, f/p - wretched star
Aim: a wretched star (heavily damaged)
The stone arrow misses the wretched star.
The wretched star pulses with an eldritch light!
Your system partially rejects the healing effects of potions.
Your system mostly rejects the healing effects of potions.
You now have 0/35 mp.
Magic courses through your body.
The wretched star glows turbulently.
The lance of force hits you!!
You are knocked back by the lance of force.
You slam into the rock wall!
* * * LOW HITPOINT WARNING * * *
Your body deteriorates!
You feel clumsy.
You take 30 damage, and have 15/63 hp.
MASSIVE DAMAGE!!
You regained 24 mp, and now have 24/35 mp.
Casting: Stone Arrow (safe; 1% risk of failure)
Confirm with . or Enter, or press ? or * to list all spells.
Aiming: Lee's Rapid Deconstruction (dangerous; 1% risk of failure)
Press: ? - help, Dir - move target cursor, p - wretched star A rock wall.
The wall shatters!
The blast of rock fragments hits the wretched star!
The wretched star is severely damaged.
The wretched star glows turbulently.
The lance of force hits you!!
You die...

. . .. .........
. ..
...###.#........
. ...#.##.##...#
...............#
#....... ......#
#...........#
#..#..##.#.##
#.#.###.... #
#@*## ##... #
###.#....#... .#
#...#.#.#.#...
##... # ####..#
# ......... .
*.# .
........... .
...... .... ..##
##..#.#..#..#. #
# # .. . .... #.
#


You could see a wretched star.

Vanquished Creatures
  Snorg (D:11)
  2 two-headed ogres (D:11)
  Sonja (D:12)
  A soul eater (Abyss:1)
  2 unseen horrors
  A deep elf mage (D:7)
  A manticore (D:11)
  7 ugly things
  An orc sorcerer (Orc:1)
  Joseph (D:8)
  A hornet (D:10)
  6 trolls
  Prince Ribbit (D:8)
  A raiju (Abyss:1)
  3 hippogriffs
  Sigmund (D:4)
  A wraith (D:11)
  A wyvern (D:12)
  6 yaks (D:12)
  2 basilisks (D:11)
  Grum (D:9)
  A chaos spawn (Abyss:1)
  2 wargs (Orc:1)
  A soldier ant (D:12)
  2 acid dragons (D:11)
  7 orc warriors
  4 porcupines (D:11)
  Purgy (Sewer)
  3 sky beasts
  3 black bears (D:11)
  2 eyes of draining
  3 phantoms
  5 ice beasts
  7 ogres
  6 wolves
  A centaur (D:10)
  4 crocodiles
  2 big kobolds
  9 bullfrogs
  3 scorpions
  9 killer bees
  3 wights (D:6)
  5 howler monkeys
  A centaur zombie (D:11)
  A bullfrog zombie (D:5)
  7 orc priests
  9 orc wizards
  5 hounds
  2 jellies (D:11)
  8 bullfrog skeletons
  5 worker ants
  6 iguanas
  A killer bee zombie (D:5)
  2 howler monkey zombies (D:6)
  A worker ant zombie (D:10)
  14 adders
  3 gnolls (D:2)
  A howler monkey skeleton (D:5)
  3 river rats (D:4)
  2 shadow imps
  2 ufetubi
  An ooze (D:3)
  2 adder skeletons
  A worm (D:5)
  2 dart slugs
  2 leopard geckos
  36 orcs
  6 giant cockroaches
  9 goblins
  3 hobgoblins
  8 jackals
  4 quokkas
  2 ball pythons (D:4)
  5 bats
  4 frilled lizards
  A jackal skeleton (D:6)
  22 kobolds
  2 quokka skeletons
  4 rats
312 creatures vanquished.

Vanquished Creatures (others)
  2 fungi (D:11)
  16 plants (D:11)
  4 withered plants (D:7)
22 creatures vanquished.

Grand Total: 334 creatures vanquished

Notes
Turn   | Place    | Note
-------+----------+-------------------------------------------
     0 | D:1      | Irenicus the Deep Dwarf Earth Elementalist began the quest
                  | for the Orb.
     0 | D:1      | Reached XP level 1. HP: 15/15 MP: 3/3
   187 | D:1      | Reached XP level 2. HP: 22/22 MP: 0/4
   237 | D:1      | Reached skill level 5 in Earth Magic
   318 | D:2      | stones and magic rege
   357 | D:2      | Reached XP level 3. HP: 28/28 MP: 1/5
   491 | D:2      | Reached skill level 6 in Earth Magic
   539 | D:2      | Learned a level 2 spell: Passwall
   546 | D:3      | Reached XP level 4. HP: 36/36 MP: 2/6
   549 | D:3      | stronger..
   625 | D:3      | Reached skill level 7 in Earth Magic
   674 | D:3      | Reached XP level 5. HP: 37/42 MP: 1/7
   763 | D:3      | Learned a level 2 spell: Blink
   777 | D:2      | Found a shadowy altar of Dithmenos.
   777 | D:2      | Found a stormy altar of Qazlal.
   809 | D:2      | Found an iron altar of Okawaru.
   864 | D:4      | Reached skill level 8 in Earth Magic
   867 | D:4      | Found a runed translucent door.
   870 | D:4      | Noticed Ibis19's ghost (novice HOBe)
   878 | D:4      | Found a staircase to the Ecumenical Temple.
   888 | Temple   | Entered the Ecumenical Temple
   968 | Temple   | Became a worshipper of Makhleb the Destroyer
  1064 | D:4      | Noticed Sigmund
  1064 | D:4      | Noticed an ogre
  1074 | D:4      | Killed an ogre
  1074 | D:4      | Reached skill level 9 in Earth Magic
  1074 | D:4      | Reached XP level 6. HP: 20/49 MP: 8/8
  1075 | D:4      | HP: 12/49 [something (8)]
  1076 | D:4      | Killed Sigmund
  1076 | D:4      | Reached skill level 10 in Earth Magic
  1137 | D:4      | HP: 11/49 [scorpion (1)]
  1138 | D:4      | Reached XP level 7. HP: 12/55 MP: 9/9
  1148 | D:4      | Found a runed translucent door.
  1421 | D:4      | Found a snail-covered altar of Cheibriados.
  1465 | D:4      | Found a glowing drain.
  1481 | Sewer    | Entered a sewer
  1546 | Sewer    | Noticed Purgy
  1548 | Sewer    | HP: 11/55 [Purgy (1)]
  1552 | Sewer    | Killed Purgy
  1552 | Sewer    | Reached skill level 2 in Shields
  1668 | D:5      | Entered Level 5 of the Dungeon
  1672 | D:5      | Reached skill level 3 in Shields
  1704 | D:5      | Reached skill level 11 in Earth Magic
  1738 | D:5      | Found a burning altar of Makhleb.
  1750 | D:5      | Reached skill level 4 in Shields
  1757 | D:5      | Reached XP level 8. HP: 23/62 MP: 10/10
  1858 | D:5      | Learned a level 3 spell: Stone Arrow
  1879 | D:5      | Reached skill level 5 in Shields
  1907 | D:5      | Reached * piety under Makhleb
  2075 | D:6      | Reached skill level 12 in Earth Magic
  2200 | D:6      | Found a shimmering blue altar of Sif Muna.
  2407 | D:7      | Reached skill level 13 in Earth Magic
  2412 | D:7      | Noticed a deep elf mage
  2433 | D:7      | Killed a deep elf mage
  2433 | D:7      | Reached skill level 14 in Earth Magic
  2433 | D:7      | Gained mutation: You passively map the area around you.
                  | [Deep Dwarf growth]
  2433 | D:7      | Reached XP level 9. HP: 30/68 MP: 11/11
  2578 | D:7      | Found a hide-covered altar of Uskayaw.
  2722 | D:7      | Reached ** piety under Makhleb
  2751 | D:7      | Found a runed translucent gate.
  2751 | D:7      | Found a runed translucent gate.
  2751 | D:7      | Found a runed translucent gate.
  2752 | D:7      | Noticed EnegeticOcto's ghost (amateur DDDe)
  2753 | D:7      | Noticed zak163's ghost (novice HaBe)
  2920 | D:8      | Reached skill level 2 in Spellcasting
  2920 | D:8      | Reached skill level 15 in Earth Magic
  2922 | D:8      | Noticed Prince Ribbit
  2932 | D:8      | Killed Prince Ribbit
  2940 | D:8      | Learned a level 5 spell: Lee's Rapid Deconstruction
  2965 | D:8      | Reached skill level 3 in Spellcasting
  2988 | D:8      | Killed an unseen horror
  2988 | D:8      | Reached skill level 4 in Spellcasting
  3096 | D:8      | Found Lueteobe's Antique Armour Emporium.
  3105 | D:8      | Bought a glowing hat for 238 gold pieces
  3205 | D:8      | Reached XP level 10. HP: 75/75 MP: 16/16
  3210 | D:8      | Noticed Joseph
  3214 | D:8      | Killed Joseph
  3214 | D:8      | Reached skill level 16 in Earth Magic
  3217 | D:8      | Reached skill level 9 in Spellcasting
  3217 | D:8      | Reached XP level 11. HP: 81/81 MP: 19/24
  3456 | D:9      | Noticed Grum
  3459 | D:9      | Killed Grum
  3491 | D:9      | Found a glowing golden altar of the Shining One.
  3505 | D:9      | Reached *** piety under Makhleb
  3539 | D:10     | Entered Level 10 of the Dungeon
  3646 | D:10     | Reached skill level 10 in Spellcasting
  3820 | D:10     | Found Erchem's Jewellery Emporium.
  3990 | D:11     | Noticed a red ugly thing
  3990 | D:11     | Noticed a two-headed ogre
  3997 | D:11     | Killed a red ugly thing
  3997 | D:11     | Reached skill level 17 in Earth Magic
  3998 | D:11     | Killed a two-headed ogre
  4058 | D:11     | Noticed a brown ugly thing
  4067 | D:11     | Killed a brown ugly thing
  4084 | D:11     | Reached **** piety under Makhleb
  4112 | D:11     | Noticed Snorg
  4113 | D:11     | Reached skill level 18 in Earth Magic
  4114 | D:11     | Noticed a two-headed ogre
  4121 | D:11     | Killed a two-headed ogre
  4121 | D:11     | Reached skill level 1 in Conjurations
  4121 | D:11     | Reached skill level 2 in Evocations
  4122 | D:11     | Reached skill level 3 in Evocations
  4126 | D:11     | Reached skill level 4 in Evocations
  4144 | D:11     | HP: 18/81 [Snorg (11)]
  4149 | D:11     | HP: 11/81 [Snorg (3)]
  4151 | D:11     | Killed Snorg
  4151 | D:11     | Reached skill level 5 in Evocations
  4151 | D:11     | Reached XP level 12. HP: 18/88 MP: 1/26
  4154 | D:11     | Reached skill level 6 in Evocations
  4189 | D:11     | Found a staircase to the Orcish Mines.
  4212 | D:11     | Found a staircase to the Lair.
  4239 | D:11     | HP: 21/88 [manticore (4)]
  4360 | D:12     | Reached skill level 3 in Dodging
  4409 | D:12     | Reached skill level 7 in Evocations
  4467 | D:12     | Reached ***** piety under Makhleb
  4470 | D:12     | Reached skill level 4 in Dodging
  4474 | D:12     | Noticed Sonja
  4479 | D:12     | Killed Sonja
  4479 | D:12     | Reached skill level 5 in Dodging
  4536 | D:12     | Reached skill level 6 in Dodging
  4599 | D:12     | Reached skill level 7 in Dodging
  4712 | D:12     | Found Dylutoy's Jewellery Shoppe.
  4746 | D:12     | Reached skill level 1 in Fighting
  4746 | D:12     | Reached skill level 1 in Armour
  4817 | Orc:1    | Entered Level 1 of the Orcish Mines
  4833 | Orc:1    | Reached skill level 2 in Armour
  4845 | Orc:1    | Reached skill level 3 in Armour
  4851 | Orc:1    | Reached skill level 4 in Armour
  4863 | Orc:1    | Cast into level 1 of the Abyss (chaos spawn)
  4877 | Abyss:1  | Found a shadowy altar of Dithmenos.
  4970 | Abyss:1  | HP: 15/63 [rock wall collision (11)]
  4971 | Abyss:1  | Killed from afar by a wretched star

Illustrated notes

#.#<............. ,
#.#.#.......##### *
######.#.......#>.....
,
#..............[......
, ,
#......#######.#######,
#.).... #.# * #######
#.# ##'##### #.@....# *
#......# #......# * **
#......# * * , .......#
##......# ≈ , ,...)...#
, , )....#.# , , , *


Turn 318 on D:2: stones and magic rege #.......# ,, #.......# ,* #.......# *
#.......# * #.......#*### * * #.......##.. , #.....)..#.# ########<#.# #.@.#*
#........# #....#####* , #....#* * K..... * , , .####... #.* *#... , # ### , * ,
Turn 549 on D:3: stronger..

Levels and vault maps discovered:
D:1:      dpeg_arrival_leaves_temple_mockup, layout_loops_ring,
          nrook_mini_vaults
D:2:      layout_basic, lemuel_coloured_pillars_altar,
          chequers_temple_overflow_statue_of_worship, minmay_misc_feat_chi,
          kennysheep_generic_room_12
D:3:      layout_rooms
D:4:      layout_basic, kennysheep_mini_moat, minmay_temple_entry_grid,
          ebering_ghost_sewer_f, portal_sewer_entry_b, uniq_sigmund
D:5:      layout_basic, nicolae_ru_path_of_blood, basic_altar
D:6:      layout_gridville, lemuel_crystal_altar, minmay_misc_feat_tower,
          minmay_misc_feat_iff
D:7:      minmay_chambers_of_sevens, layout_layer_cave,
          eat_drink_and_be_merry_uskayaw, gammafunk_ghost_cemetery
D:8:      layout_basic, serial_shops, shop, serial_rivers,
          chequers_serial_rivers_micro_b, chequers_serial_rivers_micro_d,
          chequers_serial_rivers_small_b, chequers_serial_rivers_micro_b,
          uniq_prince_ribbit1, uniq_joseph
D:9:      layout_loops_cross, nicolae_overflow_hidden_temple, st_stairs_14,
          uniq_grum
D:10:     layout_layer_cave, serial_shops, shop
D:11:     layout_rooms, minmay_lair_entry_grove, orc_0_dummy,
          grunt_ministairs_14, corexii_leaking_fountain,
          minmay_misc_feat_four_crosses, uniq_snorg
D:12:     layout_basic, serial_shops, kennysheep_mini, uniq_sonja
Temple:   dpeg_chambers_temple
Orc:1:    layout_caves, basic_altar, abandoned_shop
Abyss:1:  base:
Lair:6

Skill      XL: |  1  2  3  4  5  6  7  8  9 10 11 12 |
---------------+-------------------------------------+-----
Earth Magic    | 5 6 7 9 10 11 14 15 16 18 | 18.5
Shields        | 4 5 |  5.0
Spellcasting   | 4 9 10 | 10.1
Conjurations   | 1 |  1.1
Evocations     | 5 7 |  7.9
Dodging        | 7 |  7.1
Fighting       | 1 |  1.0
Armour         | 4 |  4.0
Stealth        | |  2.4
Transmutations | |  0.8

Action                   |  1- 3 |  4- 6 |  7- 9 | 10-12 || total
-------------------------+-------+-------+-------+-------++-------
Melee: Unarmed           |     1 |       |       |       ||     1
       Whip              |       |       |     2 |       ||     2
       Dagger            |       |       |     1 |    26 ||    27
 Cast: Sandblast         |    37 |    68 |   140 |   109 ||   354
       Passwall          |       |     3 |    22 |    18 ||    43
       Stone Arrow       |       |       |     7 |    93 ||   100
       Lee's Rapid Decon |       |       |     2 |    55 ||    57
Evoke: Wand              |       |       |       |    18 ||    18
  Use: Scroll            |       |     3 |     9 |     7 ||    19
       Potion            |       |       |     6 |     4 ||    10
Armor: Robe              |     2 |       |       |       ||     2
       Ring mail         |     3 |     7 |    16 |    11 ||    37
       Acid dragon scale |       |       |       |    18 ||    18
Dodge: Dodged            |     6 |    15 |    22 |    98 ||   141
Block: Buckler           |       |       |    29 |    53 ||    82

Table legend: (Time is in decaauts)
 A = Elapsed time spent in this place.
 B = Non-inter-level travel time spent in this place.
 C = Inter-level travel time spent in this place.
 D = Time resting spent in this place.
 E = Time spent auto-exploring this place.
 F = Levels seen in this place.
 G = Mean time per level.
                   A        B        C        D        E       F      G
               +--------+--------+--------+--------+--------+-----+--------+
         Total |   4961 |   4937 |     24 |      0 |      0 |  16 |  310.1 |
       Dungeon |   4586 |   4570 |     16 |      0 |      0 |  12 |  382.2 |
        Temple |     93 |     85 |      8 |      0 |      0 |   1 |   93.0 |
  Orcish Mines |     45 |     45 |      0 |      0 |      0 |   1 |   45.0 |
         Abyss |    107 |    107 |      0 |      0 |      0 |   1 |  107.0 |
         Sewer |    127 |    127 |      0 |      0 |      0 |   1 |  127.0 |
               +--------+--------+--------+--------+--------+-----+--------+

Top non-repeatable levels by time:
     D:7: 595 daAuts
     D:4: 577 daAuts
    D:10: 428 daAuts
    D:12: 427 daAuts
    D:11: 425 daAuts
     D:8: 378 daAuts
     D:2: 330 daAuts
     D:5: 329 daAuts
     D:6: 317 daAuts
     D:1: 282 daAuts
     D:9: 247 daAuts
     D:3: 244 daAuts
   Sewer: 127 daAuts
 Abyss:1: 107 daAuts
  Temple: 93 daAuts

Table legend:
 A = Kills in this place as a percentage of kills in entire the game.
 B = Kills by you in this place as a percentage of kills by you in the entire game.
 C = Kills by friends in this place as a percentage of kills by friends in the entire game.
 D = Other kills in this place as a percentage of other kills in the entire game.
 E = Experience gained in this place as a percentage of experience gained in the entire game.
 F = Experience gained in this place divided by the number of levels of this place that you have seen.
                   A       B       C       D       E      F
               +-------+-------+-------+-------+-------+----------------------
         Total | 100.0 | 100.0 |   N/A |   N/A | 100.0 | 1806.3
       Dungeon |  91.0 |  91.0 |   N/A |   N/A |  88.5 | 2132.5
  Orcish Mines |   6.1 |   6.1 |   N/A |   N/A |   6.6 | 1917.0
         Abyss |   1.0 |   1.0 |   N/A |   N/A |   4.3 | 1251.0
         Sewer |   1.9 |   1.9 |   N/A |   N/A |   0.5 | 143.0
               +-------+-------+-------+-------+-------+----------------------
